 Dungeon Crawl Stone Soup version 0.31-a0-879-g1609e0ac53 (webtiles) character file.

Game seed: 17412249183050610086

5 Armakuni the Covered (level 1, 0/15 HPs)
             Began as a Human Wanderer on Oct 14, 2023.
             Slain by a goblin
             ... wielding a +0 dagger
              (2 damage)
             ... on level 1 of the Dungeon.
             The game lasted 00:00:38 (193 turns).

Armakuni the Covered (Human Wanderer)                Turns: 193, Time: 00:00:39

Health: 0/15       AC:  3    Str: 10    XL:     1   Next: 88%
Magic:  3/3        EV: 11    Int: 13    God:
Gold:   0          SH:  4    Dex: 13    Spells: 4/4 levels left

rFire   . . .        a - +0 dagger
rCold   . . .        c - +0 buckler
rNeg    . . .        e - +0 leather armour
rPois   .            (no helmet)
rElec   .            (no cloak)
rCorr   .            (no gloves)
SInv    .            (no boots)
Will    .....        (no amulet)
Stlth   +            (no ring)
HPRegen 0.22/turn    (no ring)
MPRegen 0.08/turn

%: no passive effects
@: no status effects
A: no striking features
a: no special abilities


You were on level 1 of the Dungeon.
You visited 1 branch of the dungeon, and saw 1 of its levels.

Inventory:

Hand Weapons
 a - a +0 dagger (weapon)
Missiles
 b - a throwing net (quivered)
Armour
 c - a +0 buckler (worn)
 e - a +0 leather armour (worn)
Scrolls
 d - 2 scrolls of blinking
 f - a scroll of fog
 g - a scroll of amnesia {unknown}


   Skills:
 + Level 1.3 Fighting
 - Level 4.0 Armour
 - Level 2.0 Dodging
 - Level 1.0 Shields
 - Level 2.0 Spellcasting
 - Level 1.0 Evocations


You had 4 spell levels left.
You didn't know any spells.
Your spell library was empty.

Dungeon Overview and Level Annotations

Branches:
Dungeon (1/15)

Altars:


Message History

The ball python barely misses you. The ball python closely misses you.
The goblin hits you with a +0 dagger. The ball python barely misses you.
The ball python misses you.
You hit the goblin but do no damage.
The goblin is heavily wounded.
You block the goblin's attack. The ball python misses you.
The ball python grabs you. The ball python constricts you.
You closely miss the ball python. You block the goblin's attack.
The ball python bites you but does no damage.
The ball python constricts you.
You hit the ball python.
The ball python is moderately wounded.
You block the goblin's attack. The ball python bites you.
The ball python constricts you. The goblin hits you but does no damage.
You closely miss the ball python.
The ball python is moderately wounded.
The ball python bites you. The ball python constricts you.
The ball python bites you. The ball python constricts you.
The goblin hits you with a +0 dagger.
* * * LOW HITPOINT WARNING * * *
You are too injured to fight recklessly!
You are too injured to fight recklessly!
You are too injured to fight recklessly!
You escape the ball python's grasp.
The goblin hits you with a +0 dagger.
* * * LOW HITPOINT WARNING * * *
The goblin attacks as it pursues you! You block the goblin's attack.
Throw: 2 throwing nets
Press: ? - help, Q - select action Shift-Dir - straight line, f - goblin
Aim: a goblin, wielding a +0 dagger (heavily wounded, 43% to hit)
You throw a throwing net.
The throwing net closely misses the goblin.
The throwing net hits the ball python.
The ball python is caught in the net!
The ball python is moderately wounded.
The ball python struggles against the net. x2
You closely miss the goblin.
The goblin is heavily wounded.
The goblin closely misses you.
The ball python struggles against the net.
The goblin hits you with a +0 dagger.
You die...

.#...##.# .....##.# #.#
##..###.# ... ##..# #.#
#.# #...###.# #.#
........# ###.#
......### ##$#.#
.......####....#########
.......+......Sg@.......
.......####....#########
......## #........#
.....## #.##.###.#
#...## #.##.# #.# ##+##
#.##.# #.# #.# #.##.#
#.# #.########.##.# #.#
##........#.##.###.#


You could see a goblin and a ball python (caught).

Vanquished Creatures
  A dart slug (D:1)
  An endoplasm (D:1)
  A kobold (D:1)
3 creatures vanquished.

Notes
Turn   | Place    | Note
-------+----------+-------------------------------------------
     0 | D:1      | Armakuni the Human Wanderer began the quest for the Orb.
     0 | D:1      | Armakuni set off with the following items: a +0 dagger, 2
                  | throwing nets, a +0 buckler, a scroll of blinking, a +0
                  | leather armour.
     0 | D:1      | Reached XP level 1. HP: 13/13 MP: 3/3
   104 | D:1      | Reached skill level 1 in Fighting
   193 | D:1      | Slain by a goblin

Illustrated notes

Levels and vault maps discovered:
D:1:      dpeg_arrival_shrine, layout_loops_corners

Skill      XL: |  1 |
---------------+----+-----
Fighting       | 1 |  1.3
Armour         | |  4.0
Dodging        | |  2.0
Shields        | |  1.0
Spellcasting   | |  2.0
Evocations     | |  1.0

Action                     || total
---------------------------++-------
  Melee: Dagger            ||    28
  Throw: Throwing net      ||     2
    Use: Scroll            ||     1
         Potion            ||     1
 Armour: Leather armour    ||    18
  Dodge: Dodged            ||    14
  Block: Buckler           ||     6

Table legend: (Time is in decaauts)
 A = Elapsed time spent in this place.
 B = Non-inter-level travel time spent in this place.
 C = Inter-level travel time spent in this place.
 D = Time resting spent in this place.
 E = Time spent auto-exploring this place.
 F = Levels seen in this place.
 G = Mean time per level.
                   A        B        C        D        E       F      G
               +--------+--------+--------+--------+--------+-----+--------+
         Total |    195 |    195 |      0 |     28 |     93 |   1 |  195.0 |
       Dungeon |    195 |    195 |      0 |     28 |     93 |   1 |  195.0 |
               +--------+--------+--------+--------+--------+-----+--------+

Top non-repeatable levels by time:
     D:1: 195 daAuts
